 Dungeon Crawl Stone Soup version 0.27-a0-1590-g15f69828bf (webtiles) character file.

Game seed: 4121829878814717254

54 Sin92 the Shield-Bearer (level 3, -2/33 HPs)
             Began as a Minotaur Fighter on July 18, 2021.
             Slain by an orc wizard (3 damage)
             ... on level 3 of the Dungeon.
             The game lasted 00:01:05 (1919 turns).

Sin92 the Shield-Bearer (Minotaur Fighter)          Turns: 1919, Time: 00:01:05

Health: -2/33      AC:  7    Str: 21    XL:     3   Next: 66%
Magic:  2/2        EV:  7    Int:  5    God:
Gold:   98         SH:  9    Dex:  9    Spells: 2/2 levels left

rFire    . . .     SeeInvis .   a - +0 war axe
rCold    . . .     Faith    .   c - +0 kite shield
rNeg     . . .     Spirit   .   b - +0 scale mail
rPois    .         Reflect  .   (helmet restricted)
rElec    .         Harm     .   (no cloak)
rCorr    .         Rampage  .   (no gloves)
Will     .....                  (no boots)
Stlth    ..........             (no amulet)
HPRegen  0.11/turn              (no ring)
MPRegen  0.08/turn              (no ring)

@: no status effects
A: horns 2, retaliatory headbutt
a: no special abilities


You were on level 3 of the Dungeon.
You visited 1 branch of the dungeon, and saw 3 of its levels.

You collected 98 gold pieces.

Inventory:

Hand Weapons
 a - a +0 war axe (weapon)
Armour
 b - a +0 scale mail (worn)
 c - a +0 kite shield (worn)
Jewellery
 h - an amulet of regeneration
 i - a +6 ring of strength
 o - a ring of resist corrosion
Scrolls
 e - 2 scrolls of teleportation {unknown}
 f - 2 scrolls of identify {unknown}
 g - a scroll of silence {unknown}
 k - a scroll of vulnerability {unknown}
 m - a scroll of noise {unknown}
Potions
 d - a potion of might
 j - 2 potions of heal wounds {unknown}
 l - a potion of resistance {unknown}
 n - a potion of lignification {unknown}
 p - a potion of curing {unknown}


   Skills:
 + Level 4.0 Fighting
 * Level 3.5 Axes
 + Level 3.9 Armour
 + Level 1.3 Dodging
 + Level 4.0 Shields


You had 2 spell levels left.
You didn't know any spells.
Your spell library contained the following spells:

 Spells                   Type           Power      Damage    Failure   Level
 Freeze                   Ice            0%         1d3       99%         1
 Frozen Ramparts          Ice            0%         1d2       100%        3
 Hailstorm                Conj/Ice       0%         3d3       100%        4


Dungeon Overview and Level Annotations

Branches:
Dungeon (3/15)

Altars:


Innate Abilities, Weirdness & Mutations

You have a pair of horns on your head.
You reflexively headbutt those who attack you in melee.


Message History

Unknown command.
Unknown command.
You bump into the rock wall.
Something hits you but does no damage.
Unknown command.
Something hits you.
You bump into the rock wall.
Something hits you.
You're too confused to move!
Something hits you but does no damage. Something hits you but does no damage.
There is an open door here.
Your shield prevents you from hitting something.
Your headbutt misses something. Something hits you.
You hear some strange, mumbled words.
Something tries to affect you, but you resist.
You bump into the rock wall.
You feel less confused.
You hear some strange, mumbled words.
Something tries to affect you, but you resist.
Something hits you.
Unknown command.
You miss something. You closely miss the orc.
Something hits you but does no damage. The orc barely misses you.
Something hits you but does no damage. The orc barely misses you.
Unknown command.
You hit something. You hit the orc. Something hits you.
* * * LOW HITPOINT WARNING * * *
The orc hits you with a +0 flail.
* * * LOW HITPOINT WARNING * * *
Something hits you but does no damage.
Unknown command.
You closely miss something. You headbutt something. You slash the orc!
You kill the orc!
Something hits you but does no damage.
Unknown command.
You miss something. Your headbutt misses something.
You hear some strange, mumbled words.
A puff of flame appears from out of thin air!
The puff of flame hits you.
* * * LOW HITPOINT WARNING * * *
Something hits you.
You die...

#........#....######.#
#.............# #.#
#.......####### #.#
#.<.....# #.#
#.......#### #.#
##########....##### #.#
.........'.......># #.#
.#######.#{)...########.#
#o#@[............#
#.#....###########
#.#<............
#.############## #.# #.#
#.#


There were no monsters in sight!

Vanquished Creatures
  An adder (D:2)
  A worm (D:2)
  2 orcs (D:3)
  4 bats
  2 endoplasms (D:1)
  5 goblins
  3 jackals (D:1)
  4 quokkas
  5 ball pythons (D:1)
  4 frilled lizards
  6 kobolds (D:1)
  A rat (D:1)
38 creatures vanquished.

Notes
Turn   | Place    | Note
-------+----------+-------------------------------------------
     0 | D:1      | Sin92 the Minotaur Fighter began the quest for the Orb.
     0 | D:1      | Reached XP level 1. HP: 19/19 MP: 0/0
   154 | D:1      | Reached XP level 2. HP: 22/27 MP: 1/1
   553 | D:1      | Reached skill level 1 in Dodging
   604 | D:1      | Reached XP level 3. HP: 33/33 MP: 2/2
  1919 | D:3      | HP: 1/33 [something/puff of flame (2)]
  1919 | D:3      | Slain by an orc wizard

Illustrated notes

Levels and vault maps discovered:
D:1:      dpeg_arrival_orchard, layout_basic
D:2:      layout_basic
D:3:      layout_basic, minmay_misc_feat_pillars, uniq_sigmund

Skill      XL: |  1  2  3 |
---------------+----------+-----
Axes           | 3 |  3.5
Dodging        | 1 |  1.3
Shields        | 4 |  4.0
Fighting       | 4 |  4.0
Armour         | |  3.9

Action                   || total
-------------------------++-------
Melee: War axe           ||    91
       Headbutt          ||     6
Armor: Scale mail        ||    48
Dodge: Dodged            ||    27
Block: Kite shield       ||    62

Table legend: (Time is in decaauts)
 A = Elapsed time spent in this place.
 B = Non-inter-level travel time spent in this place.
 C = Inter-level travel time spent in this place.
 D = Time resting spent in this place.
 E = Time spent auto-exploring this place.
 F = Levels seen in this place.
 G = Mean time per level.
                   A        B        C        D        E       F      G
               +--------+--------+--------+--------+--------+-----+--------+
         Total |   1970 |   1884 |     86 |    166 |   1460 |   3 |  656.7 |
       Dungeon |   1970 |   1884 |     86 |    166 |   1460 |   3 |  656.7 |
               +--------+--------+--------+--------+--------+-----+--------+

Top non-repeatable levels by time:
     D:1: 994 daAuts
     D:2: 862 daAuts
     D:3: 113 daAuts
